 Dungeon Crawl Stone Soup version 0.17-a0-1769-g54adf96 (webtiles) character file.

115 ololoev the Charmwright (level 4, 0/36 HPs)
             Began as a Draconian Skald on Sept 7, 2015.
             Slain by an orc priest
             ... wielding a +0 dagger
              (2 damage)
             ... on level 3 of the Dungeon.
             The game lasted 00:04:28 (2301 turns).

ololoev the Charmwright (Draconian Skald)           Turns: 2301, Time: 00:04:29

Health: 0/36       AC:  5    Str: 14    XL:     4   Next: 68%
Magic:  8/8        EV: 12    Int: 12    God:
Gold:   166        SH:  0    Dex: 12    Spells: 2 memorised, 5 levels left

rFire  . . .     SeeInvis .     a - +0 spear
rCold  . . .     Clarity  .     (armour unavailable)
rNeg   . . .     SustAt   .     (no shield)
rPois  .         Gourm    .     (helmet restricted)
rElec  .         Spirit   .     (no cloak)
rCorr  .         Warding  .     (no gloves)
rMut   .         Stasis   .     (no boots)
MR     .....                    (no amulet)
Stlth  +.........               (no ring)
                                (no ring)

@: not resistant to hostile enchantments, very unstealthy
A: unfitting armour, cold-blooded, AC +5
a: no special abilities


Innate Abilities, Weirdness & Mutations

Your plain brown scales are hard (AC +5).
Your body does not fit into most forms of armour.
You are cold-blooded and may be slowed by cold attacks.

Inventory:

Hand weapons
 a - a +0 spear (weapon)
Scrolls
 e - 2 scrolls of remove curse
Potions
 h - a potion of brilliance
Books
 b - a book of Battle

   Spells                             Type                      Level
   a - Infusion                       Charms                       1
   b - Shroud of Golubria             Charms/Translocation         2
   c - Song of Slaying                Charms                       2
   d - Spectral Weapon                Hexes/Charms                 3
   e - Regeneration                   Charms/Necromancy            3


   Skills:
 - Level 2.1 Fighting
 * Level 3.5 Polearms
 - Level 1.3 Dodging
 + Level 2.6 Spellcasting
 * Level 3.7 Charms


You had 5 spell levels left.
You knew the following spells:

 Your Spells              Type           Power        Failure   Level  Hunger
a - Infusion              Chrm           ##....       8%          1    #......
b - Song of Slaying       Chrm           ##......     12%         2    ###....


You were on level 3 of the Dungeon.
You were not hungry.

You visited 1 branch of the dungeon, and saw 3 of its levels.

You collected 166 gold pieces.

#..## .# . #...#
.. . . ..###...##.
.. . .. .........
.. .. #.. ......
.. #.. ##..###...#
.#
........oo##..#.#.
........oo@w......
#..###.#o##......
#..###.#.........
#............#...
...####.#.###.#.#.
..####......!.. .
..........###....#
..........###....#
..######.........#

Notes
Turn   | Place    | Note
--------------------------------------------------------------
     0 | D:1      | ololoev the Draconian Skald began the quest for the Orb.
     0 | D:1      | Reached XP level 1. HP: 17/17 MP: 3/3
   381 | D:1      | Reached XP level 2. HP: 22/24 MP: 5/5
   385 | D:1      | Learned a level 2 spell: Song of Slaying
   390 | D:1      | Reached skill level 3 in Charms
  1115 | D:2      | Reached XP level 3. HP: 8/29 MP: 6/6
  1419 | D:2      | Noticed Ijyb
  1433 | D:2      | Killed Ijyb
  1559 | D:2      | Noticed Terence
  1671 | D:1      | Killed Terence
  1671 | D:1      | Reached XP level 4. HP: 14/36 MP: 2/7
  2301 | D:3      | Slain by an orc priest

Dungeon Overview and Level Annotations

Branches:
Dungeon (3/15)

Altars:


Message History

The creatures around you are filled with an inner flame!
It was a scroll of immolation.
The orc priest hits you but does no damage.
The orc hits you but does no damage. The orc closely misses you.
Read which item? (? for menu, Esc to quit)
As you read the scroll labeled ORRAOVEGAY, it crumbles to dust.
Forget which spell ([?*] list [ESC] exit)?
Forget which spell ([?*] list [ESC] exit)?
Okay, then.
It was a scroll of amnesia.
The orc priest hits you with a dagger. The orc hits you but does no damage.
The worm bites you. The orc hits you.
Read which item? (? for menu, Esc to quit)
As you read the scroll labeled BAACIT NEGIOK, it crumbles to dust.
It is a scroll of identify.
Identify which item? (\ to view known items) (? for menu, Esc to quit)
h - a potion of brilliance The orc priest hits you with a dagger.
The orc completely misses you. The orc completely misses you.
Drink which item? (? for menu, Esc to quit)
It was a potion of curing.
You feel better.
The orc priest hits you but does no damage.
The worm bites you but does no damage. The orc misses you.
You closely miss the orc.
The orc priest calls down the wrath of Beogh upon you.
Pain shoots through your body! The orc hits you but does no damage.
The worm bites you.
You hit the orc.
The orc is lightly wounded.
The orc priest misses you. The orc hits you but does no damage.
You hit the orc.
The orc is moderately wounded.
The orc wizard gestures at you while chanting.
You resist with some effort.
The orc priest casts a cantrip, but nothing happens.
The worm bites you. The orc misses you.
You hit the orc but do no damage.
The orc is moderately wounded.
The orc wizard hits you but does no damage.
The orc priest hits you with a dagger.
You die...

You could see a worm (inner flame), an orc priest (inner flame), 2 orc wizards and 2 orcs.

Vanquished Creatures
  Ijyb (D:2)
  Terence (D:1)
  2 adders (D:2)
  A giant gecko (D:1)
  A ball python (D:3)
  7 goblins
  6 hobgoblins
  6 kobolds
  8 bats
  6 giant newts
  A quokka (D:2)
  4 rats (D:1)
44 creatures vanquished.

Action                   |  1- 3 |  4- 6 || total
-------------------------+-------+-------++-------
Melee: Spear             |   129 |    63 ||   192
 Cast: Infusion          |     2 |     1 ||     3
       Song of Slaying   |       |     1 ||     1
  Use: Scroll            |       |     4 ||     4
       Potion            |       |     1 ||     1
 Stab: Sleeping          |     1 |       ||     1
  Eat: Bread ration      |     1 |       ||     1

Vault maps used:
D:1:      sevenhm_arrival_forest_fort_large_2, serial_curves, eino_curves_03,
          eino_curves_02, eino_curves_04
D:2:      uniq_iyjb, uniq_terence
D:3:      kennysheep_crisscross
